 Dungeon Crawl Stone Soup version 0.27.0-1-g7a089689b8 (webtiles) character file.

Game seed: 8376434670343063621

107 gimp the Chopper (level 4, -1/28 HPs)
             Began as a Gargoyle Gladiator on Aug 10, 2021.
             Slain by a gnoll (3 damage)
             ... on level 3 of the Dungeon.
             The game lasted 00:04:18 (2084 turns).

gimp the Chopper (Gargoyle Gladiator)               Turns: 2084, Time: 00:04:18

Health: -1/28      AC: 10    Str: 19    XL:     4   Next: 85%
Magic:  4/4        EV: 11    Int:  8    God:
Gold:   112        SH:  0    Dex: 11    Spells: 3/3 levels left

rFire    . . .     SeeInvis .   a - +0 war axe
rCold    . . .     Faith    .   (no shield)
rNeg     + . .     Spirit   .   e - +0 ring mail
rPois    ∞         Reflect  .   c - +0 helmet
rElec    +         Harm     .   (no cloak)
rCorr    .         Rampage  .   (no gloves)
Will     +....                  (no boots)
Stlth    +.........             (no amulet)
HPRegen  0.09/turn              g - ring of willpower
MPRegen  0.09/turn              (no ring)

@: no status effects
A: sickness immunity, AC +3, negative energy resistance 1, electricity
resistance, torment resistance 1, petrification resistance
a: no special abilities


You were on level 3 of the Dungeon.
You visited 1 branch of the dungeon, and saw 3 of its levels.

You collected 112 gold pieces.

Inventory:

Hand Weapons
 a - a +0 war axe (weapon)
Missiles
 d - 3 throwing nets (quivered)
Armour
 b - a +0 leather armour
 c - a +0 helmet (worn)
 e - a +0 ring mail (worn)
Jewellery
 g - a ring of willpower (left hand)
Scrolls
 f - a scroll of magic mapping {unknown}
 i - a scroll of fog {unknown}
 m - a scroll of teleportation {unknown}
Potions
 h - a potion of heal wounds {unknown}
 j - 2 potions of lignification {unknown}
 k - a potion of curing {unknown}
 l - 2 potions of mutation {unknown}


   Skills:
 + Level 3.2 Fighting
 * Level 4.0 Axes
 - Level 1.7 Throwing
 + Level 2.1 Armour
 - Level 2.4 Dodging


You had 3 spell levels left.
You didn't know any spells.
Your spell library contained the following spells:

 Spells                   Type           Power      Damage    Failure   Level
 Magic Dart               Conj           0%         1d3       58%         1
 Call Imp                 Summ           0%         N/A       73%         2
 Slow                     Hex            0%         N/A       73%         2
 Static Discharge         Conj/Air       0%         N/A       73%         2
 Confusing Touch          Hex            0%         N/A       91%         3
 Mephitic Cloud           Conj/Pois/Air  0%         N/A       91%         3
 Vampiric Draining        Necr           0%         2d6       91%         3
 Dispel Undead            Necr           0%         3d6       100%        4
 Sticky Flame             Conj/Fire      0%         2d3       100%        4


Dungeon Overview and Level Annotations

Branches:
Dungeon (3/15)

Altars:
Elyvilon

Shops:
D:3 =


Innate Abilities, Weirdness & Mutations

You are immune to sickness and miasma.
Your stone body is resilient. (AC +3)
You are immune to poison.
You resist negative energy. (rN+)
You are resistant to electric shocks. (rElec)
You are resistant to unholy torment.
You are immune to petrification.


Message History

You barely miss the gnoll. The gnoll hits you with a +0 flail.
You take 2 damage, and have 26/28 hp.
The gnoll closely misses you. The gnoll hits you but does no damage.
You slash the gnoll!
You kill the gnoll!
The gnoll hits you but does no damage.
Your Armour skill increases to level 2!
You slash the gnoll!
The gnoll is almost dead.
The gnoll barely misses you. The gnoll hits you but does no damage.
The gnoll misses you.
Health restored: 28 You hit the gnoll.
You kill the gnoll!
The gnoll hits you but does no damage.
Your Axes skill increases to level 4!
The gnoll hits you but does no damage. The gnoll barely misses you.
Things that are here:
a +0 flail; a +0 spear; a gnoll corpse You closely miss the gnoll.
The gnoll closely misses you. The gnoll hits you with a +0 spear.
The gnoll hits you from afar with a +0 spear.
You take 8 damage, and have 20/28 hp.
MASSIVE DAMAGE!!
You hit the gnoll but do no damage. The gnoll hits you with a +0 spear.
The gnoll hits you from afar with a +0 spear.
You take 4 damage, and have 16/28 hp.
You barely miss the gnoll. The gnoll hits you with a +0 spear.
The gnoll barely misses you. The gnoll hits you but does no damage.
You take 5 damage, and have 11/28 hp.
You slash the gnoll!
The gnoll is almost dead.
The gnoll hits you from afar with a +0 spear.
* * * LOW HITPOINT WARNING * * *
The gnoll hits you with a +0 spear.
* * * LOW HITPOINT WARNING * * *
The gnoll barely misses you.
You take 9 damage, and have 2/28 hp.
MASSIVE DAMAGE!!
The gnoll hits you from afar with a +0 spear.
You die...

≈#
......#####..##
.. #.#.......#
..
..###.#.#####.#
......#.#####.#
.###..#.....#.#
#..#####.#.#
### #..#.#
##.##.# #..##@#
##.###)# #..#
#g# #.## #g#
#.# #.##
#.####..#
#.###...###.##
#.....#.###..#
###.......(..#


You could see 2 gnolls.

Vanquished Creatures
  3 adders
  2 gnolls (D:3)
  2 worms (D:3)
  A dart slug (D:1)
  2 ball pythons (D:1)
  3 bats
  5 endoplasms
  2 giant cockroaches
  5 hobgoblins
  5 jackals (D:1)
  3 kobolds
  4 quokkas
  5 frilled lizards
  2 goblins
  6 rats
50 creatures vanquished.

Vanquished Creatures (others)
  A bat (D:3)
1 creature vanquished.

Grand Total: 51 creatures vanquished

Notes
Turn   | Place    | Note
-------+----------+-------------------------------------------
     0 | D:1      | gimp the Gargoyle Gladiator began the quest for the Orb.
     0 | D:1      | Reached XP level 1. HP: 12/12 MP: 1/1
   164 | D:1      | Reached XP level 2. HP: 18/18 MP: 2/2
   178 | D:1      | Reached skill level 3 in Axes
   475 | D:1      | Reached skill level 1 in Armour
   593 | D:1      | Reached XP level 3. HP: 21/22 MP: 3/3
  1362 | D:2      | Reached XP level 4. HP: 24/28 MP: 4/4
  1819 | D:3      | Found a white marble altar of Elyvilon.
  1821 | D:3      | Found Juisih's Jewellery Shoppe.
  2079 | D:3      | Reached skill level 4 in Axes
  2084 | D:3      | Slain by a gnoll

Illustrated notes

Levels and vault maps discovered:
D:1:      minmay_arrival_split_and_join, layout_loops_ring
D:2:      layout_rooms
D:3:      layout_rooms, slow_altar_1, elyvilon_altar_4, serial_shops, shop,
          gammafunk_ghost_arena, serial_co_window_serial, co_window_corner_a,
          co_window_cross_1, co_window_of_opportunity_a, co_window_corner_a,
          co_window_corner_a, co_window_paths_c, co_window_of_opportunity_b,
          co_window_corner_b, co_window_broadway_b, co_window_unsneaky_path_d,
          co_window_4corner_a, glass_columns_c, glass_columns_a,
          glass_columns_a, grunt_decor_arrowhead

Skill      XL: |  1  2  3  4 |
---------------+-------------+-----
Axes           | 3 4 |  4.0
Armour         | 1 2 |  2.1
Fighting       | 3 |  3.2
Throwing       | |  1.7
Dodging        | |  2.4

Action                   |  1- 3 |  4- 6 || total
-------------------------+-------+-------++-------
Melee: War axe           |   132 |    47 ||   179
Armor: Leather armour    |     9 |       ||     9
       Ring mail         |    66 |    22 ||    88
Dodge: Dodged            |    98 |    26 ||   124
